 Dungeon Crawl Stone Soup version 0.25.0-11-g1f837a76a1 (webtiles) character file.

Game seed: 3313068285837622813

63 protoss039 the Digger (level 3, 0/19 HPs)
             Began as a Deep Elf Earth Elementalist on June 28, 2020.
             Slain by an adder (3 damage)
             ... on level 2 of the Dungeon.
             The game lasted 00:04:13 (1763 turns).

protoss039 the Digger (Deep Elf Earth Elementalist) Turns: 1763, Time: 00:04:14

Health: 0/19       AC:  2    Str:  3 (5)  XL:     3   Next: 87%
Magic:  5/10       EV: 13    Int: 19 (20) God:
Gold:   102        SH:  0    Dex: 14 (15) Spells: 4/10 levels left

rFire    . . .     SeeInvis .   i - +0 short sword
rCold    . . .     Gourm    .   (no shield)
rNeg     . . .     Faith    .   c - +0 robe
rPois    .         Spirit   .   (no helmet)
rElec    .         Reflect  .   (no cloak)
rCorr    .         Harm     .   (no gloves)
MR       .....                  (no boots)
Stlth    ++........             (no amulet)
HPRegen  0.06/turn              (no ring)
MPRegen  0.12/turn              (no ring)

@: brilliant
A: no striking features
a: no special abilities


You were on level 2 of the Dungeon.
You were hungry.

You visited 1 branch of the dungeon, and saw 2 of its levels.

You collected 102 gold pieces.

Inventory:

Hand Weapons
 i - a +0 short sword (weapon)
Missiles
 b - 64 stones (quivered)
Armour
 c - a +0 robe (worn)
Jewellery
 g - a +4 ring of protection {unknown}
Scrolls
 a - a scroll of remove curse {unknown}
 e - a scroll of enchant armour {unknown}
 j - a scroll of identify {unknown}
Comestibles
 d - 4 rations
 k - a chunk of flesh


   Skills:
 - Level 2.5 Dodging
 - Level 2.4 Stealth
 + Level 4.4 Spellcasting
 + Level 1.1 Transmutations
 + Level 4.4 Earth Magic


You had 4 spell levels left.
You knew the following spells:

 Your Spells              Type           Power        Failure   Level  Hunger
a - Sandblast             Erth           ####..       2%          1    None
b - Passwall              Tmut/Erth      ###.....     6%          2    None
c - Stone Arrow           Conj/Erth      ###...       16%         3    None

Your spell library contained the following spells:

 Spells                   Type           Power        Failure   Level  Hunger
 Petrify                  Tmut/Erth      ###.....     38%         4    None
 Lee's Rapid Deconstruct  Erth           ####......   52%         5    None


Dungeon Overview and Level Annotations

Branches:
Dungeon (2/15)

Altars:

Annotations:
D:2 Sigmund


Message History

The adder bites you. Sigmund barely misses you. The adder bites you.
* * * LOW HITPOINT WARNING * * *
Unknown command.
It was a potion of degeneration.
There was something very wrong with that liquid.
You feel weakened.
You feel dopey.
You feel clumsy. The adder bites you.
* * * LOW HITPOINT WARNING * * *
Sigmund barely misses you.
Unknown command.
Casting: Sandblast (safe; 2% risk of failure)
Confirm with . or Enter, or press ? or * to list all spells.
Aiming: Sandblast (safe; 2% risk of failure)
Press: ? - help, Shift-Dir - straight line, f/p - Sigmund
Aim: Sigmund, wielding a +0 scythe and wearing a +0 robe (lightly wounded)
You feel a surge of power!
The blast of sand hits Sigmund.
Sigmund is heavily wounded.
b - 64 stones The adder bites you.
You die...

#.####..#.#......
................[..
...................
.............>....
. ####............#
..
#.##.#.#.....##...
#. #.#............
##..#.###.@........
#..(......@S.......
##......>.....###..
#..#.........#
#......#.##..#
..............#
.#...#.#.#.##..#
#...#...#.# ..#
#...#.#.#.# ... ..
.. ..


You could see Sigmund and an adder.

Vanquished Creatures
  Robin (D:2)
  An adder (D:2)
  A dart slug (D:1)
  A leopard gecko (D:2)
  5 bats
  A giant cockroach (D:1)
  10 goblins
  6 hobgoblins
  2 frilled lizards
  3 kobolds
  9 rats
40 creatures vanquished.

Notes
Turn   | Place    | Note
-------+----------+-------------------------------------------
     0 | D:1      | protoss039 the Deep Elf Earth Elementalist began the quest
                  | for the Orb.
     0 | D:1      | Reached XP level 1. HP: 10/10 MP: 6/6
   267 | D:1      | Reached XP level 2. HP: 15/15 MP: 6/8
  1056 | D:2      | Noticed Robin
  1059 | D:2      | Reached XP level 3. HP: 14/19 MP: 3/10
  1094 | D:2      | Killed Robin
  1698 | D:2      | Learned a level 2 spell: Passwall
  1702 | D:2      | Learned a level 3 spell: Stone Arrow
  1736 | D:2      | Noticed Sigmund
  1763 | D:2      | Slain by an adder

Illustrated notes

Levels and vault maps discovered:
D:1:      dpeg_arrival_round_c, layout_basic, serial_forest,
          infiniplex_forest_lined_4_way, infiniplex_forest_lined_room_2
D:2:      layout_basic, first_ration, chequers_ecumenical_altar_lobes,
          uniq_sigmund, uniq_robin

Skill      XL: |  1  2  3 |
---------------+----------+-----
Earth Magic    | 4 |  4.4
Spellcasting   | 4 |  4.4
Dodging        | |  2.5
Stealth        | |  2.4
Transmutations | |  1.1

Action                   || total
-------------------------++-------
Melee: Unarmed           ||     2
       Short sword       ||    25
 Cast: Sandblast         ||    49
       Stone Arrow       ||     1
  Use: Potion            ||     3
  Eat: Chunk             ||     2
Armor: Robe              ||     5
Dodge: Dodged            ||    32
